 Dungeon Crawl Stone Soup version 0.28-a0-1412-gf95308ed99 (webtiles) character file.

Game seed: 531790408510467898

4326 ChadThundercock the Geomancer (level 10, -4/81 HPs)
             Began as a Yellow Draconian Earth Elementalist on Jan 7, 2022.
             Was an Initiate of Ashenzari.
             Slain by a two-headed ogre (15 damage)
             ... on level 7 of the Dungeon.
             The game lasted 00:11:17 (10498 turns).

ChadThundercock the Geomancer (DrEE)               Turns: 10498, Time: 00:11:18

Health: -4/81      AC:  9    Str: 11    XL:     10   Next: 11%
Magic:  10/16      EV: 13    Int: 19    God:    Ashenzari [......]
Gold:   458        SH:  0    Dex: 12    Spells: 11/17 levels left

rFire   . . .      SeeInvis .   q - +2 dagger (speed)
rCold   + . .      Faith    .   (no shield)
rNeg    . . .      Spirit   .   (armour unavailable)
rPois   .          Reflect  .   l - +0 hat
rElec   .          Harm     .   (no cloak)
rCorr   +          Rampage  .   y - +1 pair of gloves
Will    .....                   (no boots)
Stlth   ++........              (no amulet)
HPRegen 0.23/turn               u - ring of protection from cold
MPRegen 0.15/turn               (no ring)

@: short of breath
A: spit acid, AC +7, unfitting armour, cold-blooded, acid resistance
a: Breathe Acid, Renounce Religion, Curse Item


You were on level 7 of the Dungeon.
You worshipped Ashenzari.
Ashenzari was noncommittal.
You visited 2 branches of the dungeon, and saw 9 of its levels.
You also visited: Ossuary.

You collected 535 gold pieces.
You spent 77 gold pieces at shops.

Inventory:

Hand Weapons
 a - a +0 short sword
 q - a +2 dagger of speed (weapon)
Missiles
 D - a throwing net
Armour
 l - a +0 hat (worn)
 y - a +1 pair of gloves (worn)
Jewellery
 n - a ring of fire
 u - a ring of protection from cold (left hand)
 I - an amulet of guardian spirit
Wands
 s - a wand of polymorph (12)
 F - a wand of iceblast (10)
 J - a wand of flame (8)
Scrolls
 c - 5 scrolls of fear {unknown}
 j - 11 scrolls of identify {unknown}
 k - 2 scrolls of enchant weapon {unknown}
 m - 3 scrolls of teleportation {unknown}
 p - 2 scrolls of immolation {unknown}
 r - 4 scrolls of enchant armour {unknown}
 t - a scroll of blinking {unknown}
 w - a scroll of holy word {unknown}
 A - a scroll of magic mapping {unknown}
 B - 2 scrolls of amnesia {unknown}
 C - a scroll of brand weapon {unknown}
 H - a scroll of fog {unknown}
 K - a scroll of silence {unknown}
Potions
 d - a potion of lignification {unknown}
 e - 2 potions of haste {unknown}
 f - 4 potions of curing {unknown}
 g - 2 potions of flight {unknown}
 h - a potion of resistance {unknown}
 i - 3 potions of heal wounds {unknown}
 o - 4 potions of degeneration {unknown}
 v - 2 potions of magic {unknown}
 x - a potion of attraction {unknown}
 z - a potion of experience {unknown}
 E - a potion of brilliance {unknown}
 G - a potion of ambrosia {unknown}
 L - a potion of invisibility {unknown}
 M - 2 potions of mutation {unknown}


   Skills:
 - Level 5.0 Fighting
 - Level 5.0 Dodging
 - Level 1.7 Stealth
 - Level 4.0 Spellcasting
 + Level 0.8 Conjurations
 - Level 1.0 Transmutations
 - Level 12.0 Earth Magic
 - Level 4.0 Evocations


You had 11 spell levels left.
You knew the following spells:

 Your Spells              Type           Power      Damage    Failure   Level
a - Sandblast             Erth           98%        2d20      1%          1
b - Stone Arrow           Conj/Erth      56%        3d10      3%          3
c - Passwall              Tmut/Erth      23%        N/A       1%          2

Your spell library contained the following spells:

 Spells                   Type           Power      Damage    Failure   Level
 Petrify                  Tmut/Erth      28%        N/A       10%         4
 Gell's Gravitas          Tloc           3%         N/A       38%         3
 Teleport Other           Tloc           3%         N/A       38%         3
 Conjure Ball Lightning   Conj/Air       2%         3x3d6     100%        6
 Dispersal                Tloc           1%         N/A       100%        6
 Discord                  Hex            1%         N/A       100%        8
 Disjunction              Tloc           1%         N/A       100%        8


Dungeon Overview and Level Annotations

Branches:
Dungeon (8/15)             Temple (1/1) D:6         Ossuary (visited)
   Lair: D:8-11

Altars:
Ashenzari
Cheibriados
Dithmenos
Elyvilon
Fedhas
Gozag
Hepliaklqana
Kikubaaqudgha
Makhleb
Nemelex Xobeh
Okawaru
Qazlal
Ru
Sif Muna
Trog
Uskayaw
Vehumet
Xom
Yredelemnul
Zin
The Shining One

Shops:
D:2 *   D:3 *   D:6 (


Innate Abilities, Weirdness & Mutations

You can spit globs of acid.
Your golden yellow scales are hard. (AC +7)
You cannot fit into any form of body armour.
You are cold-blooded and may be slowed by cold attacks.
You are resistant to acid. (rCorr)


Message History

Done exploring.
You climb downwards.
The two-headed ogre hits you with a +0 giant spiked club!!
The two-headed ogre hits you with a +0 giant club.
There is a stone staircase leading up, spattered with blood here.
The two-headed ogre hits you with a +0 giant spiked club!
The two-headed ogre barely misses you.
You climb upwards.
There is a stone staircase leading down, spattered with blood here.
The two-headed ogre barely misses you. The two-headed ogre misses you.
Press: ? - help, Shift-Dir - straight line, f - two-headed ogre
Aim: a two-headed ogre, wielding a +0 giant spiked club and a +0 giant club You spit a glob of acid.
The glob of acid hits the two-headed ogre!
The two-headed ogre is moderately wounded.
The two-headed ogre closely misses you. x2
Things that are here:
a +0 robe; a +0 dagger You see here a +0 hand axe.
You have got your breath back.
Press: ? - help, Shift-Dir - straight line, f/p - two-headed ogre
Aim: a two-headed ogre, wielding a +0 giant spiked club and a +0 giant club (lightly wounded)
You spit a glob of acid.
The glob of acid hits the two-headed ogre!!
The acid corrodes the two-headed ogre!
The two-headed ogre is heavily wounded.
Aiming: Stone Arrow (mildly dangerous; 3% risk of failure)
Press: ? - help, Q - select action, (/) - cycle Shift-Dir - straight line, f/p - two-headed ogre
Aim: a two-headed ogre, wielding a +0 giant spiked club and a +0 giant club (heavily wounded, covered in acid, 86% to hit)
The stone arrow hits the two-headed ogre!
The two-headed ogre is almost dead.
The two-headed ogre hits you with a +0 giant spiked club!
The two-headed ogre hits you with a +0 giant club!!
* * * LOW HITPOINT WARNING * * *
Aiming: Stone Arrow (mildly dangerous; 3% risk of failure)
Press: ? - help, Q - select action, (/) - cycle Shift-Dir - straight line, f/p - two-headed ogre
Aim: a two-headed ogre, wielding a +0 giant spiked club and a +0 giant club (almost dead, covered in acid, 86% to hit)
The stone arrow misses the two-headed ogre.
The two-headed ogre hits you with a +0 giant spiked club!
You die...

#..........# #..# #.##.#####
#..........# ##.# #.##.#
#..........# #.###.##.#
..(........#########..##.##.#
#..........#..........##....#####
#.....)....##.####.##.##.###.....
.....†.....##.# #....)#.#.......
......#######.#######..#.#.#.....
......# #...@O.....#[#.######
......# #########..)[..# ......#
#....### ......# #...>.# ......#
#.....# ####### #.....# #.....#
#..#.######## #######
#.<#.........


You could see a two-headed ogre (corroded).

Vanquished Creatures
  A salamander (shapeshifter) (D:7)
  A hornet (D:8)
  A steam dragon (D:8)
  2 water moccasins
  5 orc warriors
  A necrophage (D:7)
  A black bear (D:7)
  An ogre (D:4)
  2 centaurs (D:7)
  2 phantoms (D:7)
  4 elf zombies
  A gnoll sergeant (D:8)
  A wyvern zombie (D:8)
  An elf skeleton (D:8)
  2 scorpions
  A water moccasin skeleton (D:5)
  5 killer bees (D:8)
  4 electric eels (D:8)
  2 wights (D:6)
  A centaur zombie (D:4)
  5 human zombies
  A centaur skeleton (D:7)
  A hound (D:4)
  2 orc priests
  A bullfrog zombie (D:7)
  3 jellies
  A gnoll shaman (D:7)
  2 bullfrog skeletons (D:5)
  3 iguanas
  2 human skeletons (D:8)
  3 orc wizards
  Ijyb (D:3)
  3 scorpion zombies (D:4)
  A killer bee zombie (D:5)
  2 hound skeletons (D:4)
  3 mummies (Ossuary)
  Robin (D:4)
  12 gnolls
  A howler monkey skeleton (D:7)
  8 adders
  A white imp (D:6)
  3 ufetubi
  4 adder zombies
  A worm (D:4)
  4 dart slugs
  18 orcs
  4 ball pythons
  6 endoplasms
  A giant cockroach (D:1)
  2 gnoll zombies (Ossuary)
  21 goblins
  10 hobgoblins
  4 jackals (D:1)
  3 quokkas
  5 bats
  2 frilled lizards
  2 goblin zombies (Ossuary)
  5 hobgoblin zombies (Ossuary)
  2 jackal zombies (Ossuary)
  7 kobolds
  5 kobold zombies (Ossuary)
  An orc skeleton (D:8)
  6 orc zombies
  3 quokka zombies (Ossuary)
  4 rats
  5 rat zombies (Ossuary)
224 creatures vanquished.

Vanquished Creatures (others)
  6 plants (D:8)
6 creatures vanquished.

Grand Total: 230 creatures vanquished

Notes
Turn   | Place    | Note
-------+----------+-------------------------------------------
     0 | D:1      | ChadThundercock the Draconian Earth Elementalist began the
                  | quest for the Orb.
     0 | D:1      | Reached XP level 1. HP: 14/14 MP: 3/3
   137 | D:1      | Reached XP level 2. HP: 13/20 MP: 1/5
   650 | D:1      | Reached skill level 4 in Earth Magic
   662 | D:1      | Reached XP level 3. HP: 8/26 MP: 1/6
  1137 | D:1      | Found a faded altar of an unknown god.
  1985 | D:2      | Found Ylaps's Assorted Antiques.
  1991 | D:2      | Reached XP level 4. HP: 33/33 MP: 3/7
  2131 | D:2      | Bought a scroll labelled JAGASHR ACLIHIE for 23 gold pieces
  2223 | D:2      | Reached skill level 5 in Earth Magic
  2360 | D:3      | Found Cemiyjis's Assorted Antiques.
  2371 | D:3      | Bought a scroll labelled XARIRAMYST for 27 gold pieces
  2371 | D:3      | Bought a scroll labelled SEAKKA ZOCHEEM for 27 gold pieces
  2444 | D:3      | Reached XP level 5. HP: 36/38 MP: 1/8
  2528 | D:3      | Learned a level 3 spell: Stone Arrow
  2531 | D:3      | Learned a level 2 spell: Passwall
  2775 | D:3      | Noticed Ijyb
  2779 | D:3      | Paralysed by Ijyb for 4 turns
  2795 | D:3      | Paralysed by Ijyb for 6 turns
  2804 | D:3      | Killed Ijyb
  2805 | D:3      | Reached skill level 6 in Earth Magic
  3473 | D:4      | Reached XP level 6. HP: 45/45 MP: 6/9
  3608 | D:4      | Reached skill level 7 in Earth Magic
  3794 | D:4      | Found a shimmering blue altar of Sif Muna.
  3796 | D:4      | Found a blossoming altar of Fedhas.
  3797 | D:4      | Found a sacrificial altar of Ru.
  3803 | D:4      | Found a snail-covered altar of Cheibriados.
  3804 | D:4      | Found an opulent altar of Gozag.
  3806 | D:4      | Found a sparkling altar of Nemelex Xobeh.
  3807 | D:4      | Found a hazy altar of Hepliaklqana.
  3811 | D:4      | Found a shadowy altar of Dithmenos.
  3813 | D:4      | Found a radiant altar of Vehumet.
  3814 | D:4      | Found a glowing golden altar of the Shining One.
  3814 | D:4      | Noticed Robin
  3854 | D:4      | Killed Robin
  4208 | D:4      | Reached skill level 8 in Earth Magic
  4208 | D:4      | Your scales start taking on a golden yellow colour.
  4208 | D:4      | Reached XP level 7. HP: 38/50 MP: 3/10
  4208 | D:4      | Gained mutation: You are resistant to acid. (rCorr) [Yellow
                  | Draconian growth]
  4280 | D:4      | Found a basalt altar of Yredelemnul.
  4548 | D:5      | Entered Level 5 of the Dungeon
  4590 | D:5      | Reached skill level 1 in Fighting
  5773 | D:6      | Reached skill level 9 in Earth Magic
  5773 | D:6      | Reached XP level 8. HP: 33/63 MP: 1/11
  5984 | D:6      | Found a staircase to the Ecumenical Temple.
  6054 | Temple   | Entered the Ecumenical Temple
  6143 | Temple   | Became a worshipper of Ashenzari the Shackled
  6376 | D:6      | Found Aliphuv's Weapon Boutique.
  6452 | D:6      | Reached skill level 10 in Earth Magic
  7368 | D:7      | Reached skill level 11 in Earth Magic
  7789 | D:7      | Reached XP level 9. HP: 69/69 MP: 8/12
  8019 | D:7      | Reached skill level 12 in Earth Magic
  8538 | D:8      | Reached skill level 1 in Evocations
  8555 | D:8      | Found a sand-covered staircase.
  8575 | Ossuary  | Entered an ossuary
  9984 | D:8      | Reached skill level 5 in Dodging
 10234 | D:8      | Reached XP level 10. HP: 78/78 MP: 1/16
 10237 | D:8      | Noticed a two-headed ogre
 10337 | D:7      | Noticed a salamander
 10337 | D:7      | a troll changed into a salamander
 10343 | D:7      | Killed a salamander
 10344 | D:7      | Reached skill level 5 in Fighting
 10498 | D:7      | Slain by a two-headed ogre

Illustrated notes

Levels and vault maps discovered:
D:1:      roderic_crop_circles_arrival_small, layout_basic,
          shapermc_ecumenical_altar_mp_vishouse, chequers_serial_rivers_room_a,
          minmay_3d_cube
D:2:      layout_basic, serial_shops, nicolae_shop_stone,
          amcnicky_mini_pool_small
D:3:      layout_basic, serial_shops, nicolae_shop_trees, uniq_ijyb
D:4:      kennysheep_six_static_rooms, layout_gridville,
          nicolae_yredelemnul_corpse_copse,
          nicolae_overflow_hallway_of_the_gods, uniq_robin
D:5:      corexii_shack_village, layout_basic, minmay_misc_feat_tiny
D:6:      layout_rooms, minmay_temple_entry_hall, serial_shops, shop,
          sword_in_stone
D:7:      black_bear_nest_1, layout_basic
D:8:      layout_loops_corners, kennysheep_mini_moat,
          nicolae_ossuary_entry_catacombs, chequers_big_river,
          minmay_fractal_squares_diagonal_5
Temple:   zaba_magenta_temple

Skill      XL: |  1  2  3  4  5  6  7  8  9 10 |
---------------+-------------------------------+-----
Earth Magic    | 4 5 6 8 9 11 12 | 12.0
Dodging        | 3 5 |  5.0
Fighting       | 3 4 5 |  5.0
Evocations     | 4 |  4.0
Spellcasting   | 4 |  4.0
Stealth        | |  1.7
Conjurations   | |  0.8
Transmutations | |  1.0

Action                   |  1- 3 |  4- 6 |  7- 9 | 10-12 || total
-------------------------+-------+-------+-------+-------++-------
Melee: Short sword       |    30 |       |       |       ||    30
       Tailslap          |     4 |     2 |    66 |       ||    72
       Dagger            |       |    45 |   335 |       ||   380
       Punch             |       |     2 |     1 |       ||     3
 Cast: Sandblast         |    36 |    90 |   171 |       ||   297
       Stone Arrow       |       |       |    25 |     7 ||    32
       Passwall          |       |       |     2 |       ||     2
 Abil: Breathe Acid      |       |       |    19 |     3 ||    22
Evoke: Wand              |       |       |     5 |     1 ||     6
 Stab: Distracted        |       |     1 |       |       ||     1
       Sleeping          |       |       |     1 |       ||     1
Armor: Skin              |    18 |    24 |   134 |     4 ||   180
Dodge: Dodged            |    47 |    31 |   197 |     8 ||   283

Table legend: (Time is in decaauts)
 A = Elapsed time spent in this place.
 B = Non-inter-level travel time spent in this place.
 C = Inter-level travel time spent in this place.
 D = Time resting spent in this place.
 E = Time spent auto-exploring this place.
 F = Levels seen in this place.
 G = Mean time per level.
                   A        B        C        D        E       F      G
               +--------+--------+--------+--------+--------+-----+--------+
         Total |  10382 |   9956 |    426 |    433 |   8014 |  10 | 1038.2 |
       Dungeon |   9607 |   9231 |    376 |    433 |   7530 |   8 | 1200.9 |
        Temple |    106 |     56 |     50 |      0 |     50 |   1 |  106.0 |
       Ossuary |    668 |    668 |      0 |      0 |    434 |   1 |  668.0 |
               +--------+--------+--------+--------+--------+-----+--------+

Top non-repeatable levels by time:
     D:7: 1669 daAuts
     D:6: 1409 daAuts
     D:4: 1342 daAuts
     D:1: 1214 daAuts
     D:2: 1146 daAuts
     D:5: 1075 daAuts
     D:3: 938 daAuts
     D:8: 811 daAuts
 Ossuary: 668 daAuts
  Temple: 106 daAuts
